 Dungeon Crawl Stone Soup version 0.27-a0-1189-gb8eb6cee8e (webtiles) character file.

Game seed: 1811431020910435315

77 siradein the Cudgeller (level 4, -11/26 HPs)
             Began as a Gargoyle Gladiator on May 22, 2021.
             Killed by divine providence
             ... invoked by an orc priest
              (15 damage)
             ... on level 3 of the Dungeon.
             The game lasted 00:04:23 (2427 turns).

siradein the Cudgeller (Gargoyle Gladiator)         Turns: 2427, Time: 00:04:24

Health: -11/26     AC:  9    Str: 19    XL:     4   Next: 33%
Magic:  4/4        EV: 10    Int:  8    God:
Gold:   92         SH:  0    Dex: 11    Spells: 3/3 levels left

rFire    . . .     SeeInvis .   a - +0 flail
rCold    . . .     Faith    +   o - +0 buckler
rNeg     + . .     Spirit   .   v - +0 ring mail
rPois    ∞         Reflect  .   c - +0 helmet
rElec    +         Harm     .   (no cloak)
rCorr    .         Rampage  .   (no gloves)
Will     .....                  (no boots)
Stlth    ..........             k - amulet of faith
HPRegen  0.08/turn              (no ring)
MPRegen  0.09/turn              (no ring)

@: confused
A: sickness immunity, AC +3, negative energy resistance 1, electricity
resistance, torment resistance 1, petrification resistance
a: no special abilities


You were on level 3 of the Dungeon.
You visited 1 branch of the dungeon, and saw 3 of its levels.

You collected 92 gold pieces.

Inventory:

Hand Weapons
 a - a +0 flail (weapon)
Missiles
 d - 3 throwing nets
 f - 9 poisoned darts
 g - 7 atropa-tipped darts
 t - 53 stones (quivered)
Armour
 c - a +0 helmet (worn)
 o - a +0 buckler (worn)
 v - a +0 ring mail (worn)
Jewellery
 k - an amulet of faith (around neck)
Scrolls
 e - 2 scrolls of immolation {unknown}
 h - 3 scrolls of identify {unknown}
 j - a scroll of amnesia {unknown}
 n - 2 scrolls of vulnerability {unknown}
 p - 2 scrolls of teleportation {unknown}
 q - 2 scrolls of magic mapping {unknown}
 r - a scroll of summoning {unknown}
 s - 2 scrolls of noise {unknown}
 u - 2 scrolls of fear {unknown}
Potions
 i - a potion of resistance {unknown}
 l - 2 potions of heal wounds {unknown}
 m - 2 potions of lignification {unknown}


   Skills:
 - Level 2.1 Fighting
 + Level 5.0 Maces & Flails
 - Level 1.7 Throwing
 - Level 2.4 Dodging


You had 3 spell levels left.
You didn't know any spells.
Your spell library was empty.

Dungeon Overview and Level Annotations

Branches:
Dungeon (3/15)

Altars:
Kikubaaqudgha


Innate Abilities, Weirdness & Mutations

You are immune to sickness and miasma.
Your stone body is resilient. (AC +3)
You are immune to poison.
You resist negative energy. (rN+)
You are resistant to electric shocks. (rElec)
You are resistant to unholy torment.
You are immune to petrification.


Message History

You miss something. Something hits you.
* * * LOW HITPOINT WARNING * * *
You hit something. Something hits you but does no damage.
You closely miss something. Something hits you but does no damage.
Your shield and ring mail prevent you from hitting something.
Something hits you but does no damage.
You hear some strange, mumbled words.
Something tries to affect you, but you resist.
An orc priest comes into view. It is wielding a +0 flail.
You miss something. Something hits you but does no damage.
You miss something. Something hits you but does no damage.
You hear some strange, mumbled words.
You are confused.
You bump into the rock wall.
You hear some strange, mumbled words.
You are more confused.
You bump into the rock wall.
A magic dart appears from out of thin air!
The magic dart hits you.
* * * LOW HITPOINT WARNING * * *
You bump into the rock wall.
You hear some strange, mumbled words.
Something tries to affect you, but you resist.
You bump into the rock wall.
An orc wizard appears from thin air!
Reactivating autopickup.
The orc priest calls upon Beogh to heal the orc wizard.
The orc wizard's wounds heal themselves!
You bump into the rock wall.
The orc wizard points at itself and mumbles some strange words.
The orc wizard flickers and vanishes!
Deactivating autopickup; reactivate with Ctrl-A.
You bump into the rock wall.
Something hits you but does no damage.
The orc priest casts a cantrip, but nothing happens.
You bump into the rock wall.
Something hits you but does no damage.
The orc priest looks braver for a moment.
The orc priest calls down the wrath of Beogh upon you.
Beogh smites you!
Ouch! That really hurt!
You die...

.########...# #.#
.##......<.## #.#
.##........# #.#
.##.......#####.#
.....>..........# ####
.##.......####### ...
###.......# ...
.##...>...################o##
.#####......[...@...o)).#.o.#
.# #..###############..#
.......... #.## .#####..#.
#.. .. #..# #.#. ..# #. #.##.
#.# #.# ## #. #.# #. #.#


You could see an orc priest.

Vanquished Creatures
  An orc wizard (D:3)
  An adder (D:2)
  A worm (D:2)
  A dart slug (D:1)
  An orc (D:3)
  4 endoplasms
  3 goblins
  7 hobgoblins
  A jackal (D:2)
  3 kobolds
  A quokka (D:1)
  5 ball pythons
  2 bats
  2 frilled lizards (D:1)
  5 rats
38 creatures vanquished.

Notes
Turn   | Place    | Note
-------+----------+-------------------------------------------
     0 | D:1      | siradein the Gargoyle Gladiator began the quest for the
                  | Orb.
     0 | D:1      | Reached XP level 1. HP: 12/12 MP: 1/1
   168 | D:1      | Reached XP level 2. HP: 17/17 MP: 2/2
   369 | D:1      | Found a faded altar of an unknown god.
  1009 | D:2      | Found an ancient bone altar of Kikubaaqudgha.
  1079 | D:2      | Reached skill level 4 in Maces & Flails
  1079 | D:2      | Reached XP level 3. HP: 21/21 MP: 3/3
  2150 | D:3      | Noticed a +0 falchion
  2150 | D:3      | Noticed a +0 dagger
  2155 | D:3      | Noticed a +0 spear
  2155 | D:3      | Noticed a +0 short sword
  2155 | D:3      | Noticed a +0 short sword
  2156 | D:3      | Noticed a +0 falchion
  2157 | D:3      | Noticed a +0 spear
  2158 | D:3      | Noticed a +0 dagger
  2404 | D:3      | Reached skill level 5 in Maces & Flails
  2404 | D:3      | Reached XP level 4. HP: 12/26 MP: 4/4
  2427 | D:3      | Killed from afar by an orc priest

Illustrated notes

Levels and vault maps discovered:
D:1:      grunt_arrival_crossed_arrows, layout_loops_cross,
          chequers_ecumenical_altar_simple, minmay_misc_feat_enclosed,
          minmay_curled_crystal, minmay_misc_feat_cross
D:2:      layout_basic, basic_altar, minmay_pentomino_u4
D:3:      layout_loops_ring, nicolae_uskayaw_en_pointe, chei_slow_surprise

Skill      XL: |  1  2  3 |
---------------+----------+-----
Maces & Flails | 4 5 |  5.0
Fighting       | |  2.1
Throwing       | |  1.7
Dodging        | |  2.4

Action                   |  1- 3 |  4- 6 || total
-------------------------+-------+-------++-------
Melee: Flail             |   103 |    12 ||   115
 Stab: Sleeping          |     1 |       ||     1
Armor: Leather armour    |    38 |       ||    38
       Ring mail         |     8 |    13 ||    21
Dodge: Dodged            |    53 |       ||    53
Block: Buckler           |     8 |       ||     8

Table legend: (Time is in decaauts)
 A = Elapsed time spent in this place.
 B = Non-inter-level travel time spent in this place.
 C = Inter-level travel time spent in this place.
 D = Time resting spent in this place.
 E = Time spent auto-exploring this place.
 F = Levels seen in this place.
 G = Mean time per level.
                   A        B        C        D        E       F      G
               +--------+--------+--------+--------+--------+-----+--------+
         Total |   2456 |   2383 |     73 |    100 |   1954 |   3 |  818.7 |
       Dungeon |   2456 |   2383 |     73 |    100 |   1954 |   3 |  818.7 |
               +--------+--------+--------+--------+--------+-----+--------+

Top non-repeatable levels by time:
     D:2: 1164 daAuts
     D:1: 946 daAuts
     D:3: 345 daAuts
